 Dungeon Crawl Stone Soup version 0.30-a0-696-g2367cd04db (webtiles) character file.

Game seed: 3920553526675763452

2907 Rennog the Grappler (level 9, -5/82 HPs)
             Began as a Ghoul Monk on Jan 21, 2023.
             Was an Elder of Jiyva.
             Killed from afar by Joseph (18 damage)
             ... with a bolt of light
             ... on level 7 of the Dungeon.
             The game lasted 00:19:18 (7056 turns).

Rennog the Grappler (Ghoul Monk)                    Turns: 7056, Time: 00:19:18

Health: -5/82      AC: 13    Str: 19      XL:     9   Next: 78%
Magic:  8/8        EV:  8    Int:  4 (5)  God:    Jiyva [****..]
Gold:   477        SH:  0    Dex: 10 (11) Spells: 8/8 levels left

rFire   + . .      SeeInvis .      - Unarmed
rCold   + + .      Faith    .    (no shield)
rNeg    + + +      Spirit   .    f - +0 chain mail
rPois   ∞          Reflect  +    (no helmet)
rElec   .          Harm     .    o - scarf {rC+ rF+}
rCorr   +          Rampage  .    (no gloves)
Will    .....                    J - +0 pair of boots Stlth
                                 H - amulet of reflection
HPRegen 1.28/turn                E - +4 ring of protection
MPRegen 0.51/turn                (no ring)

@: confused, about to teleport, mesmerised, inhibited regen, hasted, very quick
A: claws 1, cold resistance 1, negative energy resistance 3, inhibited
regeneration, torment resistance 2, devour on kill
a: Renounce Religion, Oozemancy, Slimify


You were on level 7 of the Dungeon.
You worshipped Jiyva.
Jiyva was greatly pleased with you.
You visited 1 branch of the dungeon, and saw 7 of its levels.
You also visited: Sewer and Ossuary.

You collected 477 gold pieces.

Inventory:

Armour
 a - a +0 robe
 f - a +0 chain mail (worn)
 o - a scarf of resistance (worn)
 J - a +0 pair of boots (worn)
Jewellery
 k - a ring of flight
 r - an amulet of faith
 E - a +4 ring of protection (left claw)
 H - an amulet of reflection (around neck)
 I - a ring of positive energy
Wands
 l - a wand of digging (6)
 F - a wand of light (13)
Scrolls
 c - 2 scrolls of fog {unknown}
 d - 7 scrolls of identify
 g - 2 scrolls of vulnerability {unknown}
 h - 4 scrolls of blinking {unknown}
 i - 3 scrolls of teleportation
 j - a scroll of fear {unknown}
 p - 4 scrolls of amnesia
 s - a scroll of poison {unknown}
 t - 4 scrolls of enchant armour {unknown}
 w - a scroll of torment {unknown}
 y - a scroll of summoning {unknown}
 A - a scroll of immolation {unknown}
Potions
 b - 2 potions of ambrosia
 e - a potion of degeneration {unknown}
 m - 4 potions of haste
 n - 4 potions of mutation
 q - 2 potions of lignification {unknown}
 u - 4 potions of attraction {unknown}
 v - a potion of curing {unknown}
 x - a potion of berserk rage {unknown}
 z - 4 potions of heal wounds {unknown}
 B - a potion of magic {unknown}
 C - a potion of cancellation {unknown}
 D - 2 potions of might {unknown}
 G - a potion of resistance {unknown}


   Skills:
 * Level 8.9 Fighting
 - Level 0.5 Armour
 + Level 5.2 Dodging
 + Level 6.7 Stealth
 * Level 9.4 Unarmed Combat


You had 8 spell levels left.
You didn't know any spells.
Your spell library contained the following spells:

 Spells                   Type           Power      Damage    Failure   Level
 Apportation              Tloc           0%         N/A       100%        1
 Necrotise                Necr           0%         1d4       100%        1
 Shock                    Conj/Air       0%         1d3       100%        1
 Summon Small Mammal      Summ           0%         N/A       100%        1
 Lesser Beckoning         Tloc           0%         N/A       100%        2
 Gell's Gravitas          Tloc           0%         N/A       100%        3
 Ignite Poison            Fire/Tmut/Pois 0%         N/A       100%        3
 Swiftness                Air            0%         N/A       100%        3
 Teleport Other           Tloc           0%         N/A       100%        3
 Airstrike                Air            0%         2d(0-16)  100%        4
 Sticky Flame             Conj/Fire      0%         2d3       100%        4
 Alistair's Intoxication  Tmut/Pois      0%         N/A       100%        5
 Borgnjor's Vile Clutch   Necr/Erth      0%         N/A       100%        5
 Eringya's Noxious Bog    Tmut/Pois      0%         N/A       100%        6
 Ignition                 Fire           0%         3d3       100%        8


Dungeon Overview and Level Annotations

Branches:
Dungeon (7/15)              Sewer (visited)         Ossuary (visited)
 Temple: D:4-7

Altars:
Kikubaaqudgha
Nemelex Xobeh
Uskayaw

Shops:
D:2 =   D:3 :

Annotations:
D:7 Joseph, Maggie


Innate Abilities, Weirdness & Mutations

You are immune to poison.
You have sharp fingernails.
Your flesh is cold resistant. (rC+)
You are immune to negative energy. (rN+++)
You do not regenerate when monsters are visible.
You are immune to unholy pain and torment.
You thrive by killing the living.


Message History

Joseph hits you with a +0 quarterstaff!
You claw Joseph!
Joseph is moderately wounded.
Joseph says, "It's nothing personal, but I have to kill you."
You block Joseph's attack.
You claw Joseph!
Joseph is moderately wounded.
You hear a distant slurping noise.
You claw Joseph!
Joseph is heavily wounded.
Joseph hits you with a +0 quarterstaff.
You closely miss Joseph.
Joseph is heavily wounded.
You scratch Joseph but do no damage.
Joseph is heavily wounded.
Joseph hits you with a +0 quarterstaff!
You claw Joseph! Your claw misses Joseph.
Joseph is severely wounded.
You claw Joseph!
Joseph is severely wounded.
Joseph hits you with a +0 quarterstaff!
You claw Joseph!
Joseph is almost dead.
You completely miss Joseph. Your claw misses Joseph.
Joseph is almost dead.
Joseph zaps a wand.
The bolt of light hits you!
You scratch Joseph but do no damage.
Joseph is almost dead.
You hear a distant slurping noise.
You completely miss Joseph.
Joseph is almost dead.
Joseph zaps a wand.
The bolt of light hits you!!
* * * LOW HITPOINT WARNING * * *
As you read the scroll of teleportation, it crumbles to dust.
You feel strangely unstable.
You scratch Joseph.
Joseph is almost dead.
Joseph zaps a wand.
The bolt of light hits you!!
You are confused.
You die...

#.........# #.#
#.........####.##
#........†......#
###.............###
................#..
###.............#@#
###......#......#c#
)....#####......#@##
......<..[...>..@..+
.#.......#.##......#
...#######.##......#
...+ #. #......#
...### #......#
.....# #......#
#.)#.# #......#
#..#.. #......# #..#
#......#


You could see Joseph, Maggie (mesmerising) and a centaur.

Vanquished Creatures
  Pikel (D:5)
  3 vampire mosquitoes (D:7)
  Duvessa (D:5)
  An ice beast (D:6)
  2 sky beasts
  A black bear (D:5)
  2 orc warriors
  3 ogres
  2 centaurs
  A bullfrog (D:7)
  A gnoll sergeant (D:6)
  2 necrophages
  Dowan (D:5)
  A gnoll bouda (D:6)
  2 jellies (Sewer)
  3 orc priests
  A hound (D:5)
  Jessica (D:2)
  2 orc wizards
  8 mummies (Ossuary)
  Robin (D:2)
  10 gnolls
  7 adders
  A river rat (Sewer)
  2 shadow imps (D:5)
  2 ufetubi
  4 worms
  2 dart slugs
  19 orcs
  4 bats
  20 endoplasms
  5 giant cockroaches
  2 gnoll zombies (Ossuary)
  20 goblins
  11 hobgoblins
  3 jackals (D:2)
  9 quokkas
  6 ball pythons
  2 frilled lizards
  2 hobgoblin zombies (Ossuary)
  5 kobolds
  4 orc zombies (Ossuary)
  12 rats
192 creatures vanquished.

Vanquished Creatures (others)
  4 jellies
  2 orc priests (D:6)
  An orc wizard (D:6)
  2 gnolls (D:6)
  6 orcs
15 creatures vanquished.

Grand Total: 207 creatures vanquished

Notes
Turn   | Place    | Note
-------+----------+-------------------------------------------
     0 | D:1      | Rennog the Ghoul Monk began the quest for the Orb.
     0 | D:1      | Reached XP level 1. HP: 19/19 MP: 0/0
   142 | D:1      | Reached XP level 2. HP: 26/26 MP: 1/1
   307 | D:1      | Reached skill level 4 in Unarmed Combat
   449 | D:1      | Reached XP level 3. HP: 33/33 MP: 2/2
   717 | D:2      | Noticed Robin
   994 | D:2      | Noticed Jessica
  1000 | D:2      | Killed Jessica
  1001 | D:2      | Reached XP level 4. HP: 40/40 MP: 3/3
  1380 | D:2      | Found Ziytaal's One-of-a-Kind Rings.
  1484 | D:2      | Killed Robin
  1485 | D:2      | Reached skill level 5 in Unarmed Combat
  1764 | D:2      | Reached XP level 5. HP: 43/46 MP: 4/4
  2007 | D:3      | Found Doujuhou's Vocational Training.
  2432 | D:3      | Noticed a +0 short sword
  2433 | D:3      | Noticed a +0 spear
  2433 | D:3      | Noticed a +0 short sword
  2433 | D:3      | Noticed a +0 falchion
  2434 | D:3      | Noticed a +0 dagger
  2434 | D:3      | Noticed a +0 dagger
  2435 | D:3      | Noticed a +0 spear
  2435 | D:3      | Noticed a +0 falchion
  2652 | D:3      | Found a hide-covered altar of Uskayaw.
  3184 | D:4      | Reached XP level 6. HP: 47/53 MP: 5/5
  3284 | D:4      | Found a sand-covered staircase.
  3290 | Ossuary  | Entered an ossuary
  3668 | Ossuary  | Reached skill level 5 in Fighting
  3916 | D:4      | Reached skill level 6 in Unarmed Combat
  4645 | D:5      | Entered Level 5 of the Dungeon
  4684 | D:5      | Reached XP level 7. HP: 61/61 MP: 6/6
  4732 | D:5      | Found a glowing drain.
  4756 | Sewer    | Entered a sewer
  4983 | Sewer    | Found a viscous altar of Jiyva.
  5100 | Sewer    | Became a worshipper of Jiyva Jury the Shapeless
  5100 | Sewer    | Reached * piety under Jiyva
  5100 | Sewer    | Reached ** piety under Jiyva
  5223 | D:5      | Noticed Dowan
  5254 | D:5      | Killed Dowan
  5306 | D:5      | Reached XP level 8. HP: 70/70 MP: 7/7
  5314 | D:5      | Reached skill level 7 in Unarmed Combat
  5316 | D:5      | Noticed Pikel
  5379 | D:5      | Killed Pikel
  5380 | D:5      | Reached skill level 5 in Stealth
  5559 | D:5      | Reached *** piety under Jiyva
  5739 | D:5      | Noticed Duvessa
  5756 | D:5      | Killed Duvessa
  5757 | D:5      | Reached skill level 8 in Unarmed Combat
  6051 | D:6      | Reached XP level 9. HP: 79/79 MP: 8/8
  6241 | D:6      | Found a sparkling altar of Nemelex Xobeh.
  6279 | D:6      | Found an ancient bone altar of Kikubaaqudgha.
  6563 | D:6      | Reached **** piety under Jiyva
  6967 | D:7      | Reached skill level 5 in Dodging
  6967 | D:7      | Reached skill level 9 in Unarmed Combat
  7032 | D:7      | Noticed Joseph
  7035 | D:7      | Noticed Maggie
  7056 | D:7      | Killed from afar by Joseph

Illustrated notes

Levels and vault maps discovered:
D:1:      dpeg_arrival_windows_large_door, layout_basic, due_unseen_surprise
D:2:      minmay_evil_eye, layout_loops_corners, nicolae_shop_unique_rings,
          uniq_jessica, uniq_robin
D:3:      layout_basic, nicolae_uskayaw_en_pointe, nicolae_shop_vocational
D:4:      layout_loops_corners, lightli_ossuary_entry_decrepit_ruins,
          grunt_ministairs_12
D:5:      layout_basic, portal_sewer_entry_f, uniq_duvessa, uniq_pikel
D:6:      layout_loops_corners, nemelex_diamond_rough_becter, old_standard_altar
D:7:      layout_basic, lemuel_doored_altar, mainiacjoe_overflow_catwalk,
          mainiacjoe_overflow_alcove_1, lemuel_temple_firewalk_a, uniq_joseph,
          uniq_maggie

Skill      XL: |  1  2  3  4  5  6  7  8  9 |
---------------+----------------------------+-----
Unarmed Combat | 4 5 6 8 9 |  9.4
Fighting       | 4 5 6 7 8 |  8.9
Stealth        | 3 4 5 6 |  6.7
Dodging        | 3 4 5 |  5.2
Armour         | |  0.5

Action                   |  1- 3 |  4- 6 |  7- 9 || total
-------------------------+-------+-------+-------++-------
Melee: Unarmed           |    98 |   224 |   334 ||   656
       Punch             |       |     7 |    17 ||    24
  Use: Scroll            |       |       |     3 ||     3
       Potion            |       |       |     2 ||     2
Armor: Robe              |     8 |       |       ||     8
       Chain mail        |    40 |    99 |   167 ||   306
Dodge: Dodged            |    46 |    61 |   132 ||   239
Block: Other             |       |       |     4 ||     4

Table legend: (Time is in decaauts)
 A = Elapsed time spent in this place.
 B = Non-inter-level travel time spent in this place.
 C = Inter-level travel time spent in this place.
 D = Time resting spent in this place.
 E = Time spent auto-exploring this place.
 F = Levels seen in this place.
 G = Mean time per level.
                   A        B        C        D        E       F      G
               +--------+--------+--------+--------+--------+-----+--------+
         Total |   7008 |   6129 |    879 |    242 |   4576 |   9 |  778.7 |
       Dungeon |   6024 |   5145 |    879 |     90 |   4026 |   7 |  860.6 |
         Sewer |    383 |    383 |      0 |      0 |    229 |   1 |  383.0 |
       Ossuary |    600 |    600 |      0 |    152 |    321 |   1 |  600.0 |
               +--------+--------+--------+--------+--------+-----+--------+

Top non-repeatable levels by time:
     D:4: 1186 daAuts
     D:3: 1010 daAuts
     D:2: 983 daAuts
     D:5: 956 daAuts
     D:1: 834 daAuts
     D:6: 832 daAuts
 Ossuary: 600 daAuts
   Sewer: 383 daAuts
     D:7: 221 daAuts
